 Dungeon Crawl Stone Soup version 0.28.0 (webtiles) character file.

Game seed: 7744947725936038487

151 Sanktem7 the Chopper (level 5, -5/47 HPs)
             Began as a Hill Orc Fighter on Feb 10, 2022.
             Slain by an ogre (17 damage)
             ... on level 4 of the Dungeon.
             The game lasted 00:04:25 (3163 turns).

Sanktem7 the Chopper (Hill Orc Fighter)             Turns: 3163, Time: 00:04:26

Health: -5/47      AC:  9    Str: 21    XL:     5   Next: 33%
Magic:  5/5        EV:  7    Int:  8    God:
Gold:   123        SH:  4    Dex: 10    Spells: 4/4 levels left

rFire   . . .      SeeInvis .   a - +0 war axe
rCold   . . .      Faith    .   c - +0 buckler
rNeg    . . .      Spirit   .   h - +0 chain mail
rPois   .          Reflect  .   (no helmet)
rElec   .          Harm     .   (no cloak)
rCorr   .          Rampage  .   (no gloves)
Will    .....                   (no boots)
Stlth   ..........              (no amulet)
HPRegen 0.15/turn               (no ring)
MPRegen 0.09/turn               (no ring)

@: no status effects
A: no striking features
a: no special abilities


You were on level 4 of the Dungeon.
You visited 1 branch of the dungeon, and saw 4 of its levels.

You collected 123 gold pieces.

Inventory:

Hand Weapons
 a - a +0 war axe (weapon)
Missiles
 p - 2 throwing nets (quivered)
 r - 2 poisoned darts
Armour
 b - a +0 scale mail
 c - a +0 buckler (worn)
 h - a +0 chain mail (worn)
Wands
 j - a wand of iceblast (4)
Scrolls
 f - 2 scrolls of immolation {unknown}
 i - a scroll of noise {unknown}
 k - a scroll of brand weapon {unknown}
 l - a scroll of magic mapping {unknown}
 m - 2 scrolls of identify {unknown}
 q - a scroll of blinking {unknown}
 s - a scroll of enchant weapon {unknown}
Potions
 d - a potion of might
 e - a potion of flight {unknown}
 g - 3 potions of curing {unknown}
 n - 2 potions of mutation {unknown}
 o - 2 potions of degeneration {unknown}
 t - a potion of brilliance {unknown}


   Skills:
 * Level 4.8 Fighting
 * Level 6.1 Axes
 - Level 3.2 Armour
 + Level 0.2 Dodging
 - Level 3.2 Shields


You had 4 spell levels left.
You didn't know any spells.
Your spell library contained the following spells:

 Spells                   Type           Power      Damage    Failure   Level
 Ensorcelled Hibernation  Hex/Ice        0%         N/A       100%        2
 Spider Form              Tmut/Pois      0%         N/A       100%        3
 Anguish                  Hex/Necr       0%         N/A       100%        4


Dungeon Overview and Level Annotations

Branches:
Dungeon (4/15)             Temple (0/1) D:4

Altars:
Yredelemnul

Shops:
D:2 (


Message History

Done exploring.
Done exploring.
Done exploring.
There is a stone staircase leading down here.
You climb downwards.
Found four items.
Found a stone staircase leading up.
There is a stone staircase leading up here.
Found a staircase to the Ecumenical Temple.
s - a scroll labelled PEDUS PUNLUGO
t - an amethyst potion You now have 123 gold pieces (gained 11).
Found a club.
g - 3 grey potions (gained 1)
You see here a +0 club.
An ogre comes into view. It is wielding a +0 giant club.
The ogre shouts!
An ogre is nearby!
A scorpion comes into view.
Found 19 sling bullets.
You slash the ogre!
The ogre is heavily wounded.
The ogre hits you with a +0 giant club.
You barely miss the ogre.
The ogre is heavily wounded.
The ogre hits you with a +0 giant club!
You barely miss the ogre.
The ogre is heavily wounded.
You slash the scorpion! The ogre completely misses you.
The scorpion stings you but does no damage.
You hit the ogre.
The ogre is heavily wounded.
You slash the scorpion! The scorpion stings you.
The ogre hits you with a +0 giant club!
* * * LOW HITPOINT WARNING * * *
You hit the ogre.
The ogre is severely wounded.
You hit the scorpion.
You kill the scorpion!
The ogre hits you with a +0 giant club!
You die...

##...............#
#..###......#.#....
....###....#####...
.....#.)....#####..
#.....###.....##.
#.##...# .....(# #
##.####.....#..
#.....##......#
#..#....@O......
#..##.....#.....
...##....### ##.
.... #.....#
.#.###......# .#
.......## ........#
..#.#####


You could see an ogre.

Vanquished Creatures
  A scorpion (D:4)
  3 adders
  4 gnolls (D:3)
  4 worms (D:2)
  A dart slug (D:1)
  An orc (D:3)
  6 bats
  4 endoplasms
  2 giant cockroaches (D:1)
  5 goblins
  9 hobgoblins
  4 jackals (D:1)
  A quokka (D:3)
  12 ball pythons
  2 frilled lizards
  7 kobolds
  6 rats
72 creatures vanquished.

Notes
Turn   | Place    | Note
-------+----------+-------------------------------------------
     0 | D:1      | Sanktem7 the Hill Orc Fighter began the quest for the Orb.
     0 | D:1      | Reached XP level 1. HP: 19/19 MP: 1/1
    42 | D:1      | Reached skill level 3 in Axes
    45 | D:1      | Reached XP level 2. HP: 16/27 MP: 2/2
   671 | D:1      | Found a faded altar of an unknown god.
   715 | D:1      | Reached XP level 3. HP: 31/33 MP: 3/3
  1091 | D:1      | Reached skill level 4 in Axes
  1518 | D:2      | Reached XP level 4. HP: 38/41 MP: 4/4
  1574 | D:2      | Found a basalt altar of Yredelemnul.
  1607 | D:2      | Found Ronkoiri's Weapon Shoppe.
  1624 | D:2      | Reached skill level 5 in Axes
  2493 | D:3      | Reached XP level 5. HP: 25/47 MP: 5/5
  2533 | D:3      | Reached skill level 6 in Axes
  3117 | D:4      | Found a staircase to the Ecumenical Temple.
  3155 | D:4      | Noticed an ogre
  3163 | D:4      | Slain by an ogre

Illustrated notes

Levels and vault maps discovered:
D:1:      dpeg_arrival_more_subterranean_lakeside_camping, layout_basic,
          shapermc_ecumenical_altar_notcrosses
D:2:      minmay_recursive_quarters, layout_rooms, serial_shops,
          nicolae_shop_bloodbath_and_beyond, basic_altar
D:3:      layout_basic, nrook_loot_triangle, roderic_lattice_a
D:4:      layout_cave_pools, minmay_temple_entry_grid, serial_shops, shop

Skill      XL: |  1  2  3  4  5 |
---------------+----------------+-----
Axes           | 3 4 5 6 |  6.1
Fighting       | 4 |  4.8
Armour         | |  3.2
Dodging        | |  0.2
Shields        | |  3.2

Action                   |  1- 3 |  4- 6 || total
-------------------------+-------+-------++-------
Melee: War axe           |   104 |    75 ||   179
Armor: Scale mail        |    46 |       ||    46
       Chain mail        |    14 |    43 ||    57
Dodge: Dodged            |    49 |    34 ||    83
Block: Buckler           |    19 |    19 ||    38
